 Dungeon Crawl Stone Soup version 0.25-a0-663-gace7076f2c (webtiles) character file.

Game seed: 12177469515900078860, levelgen mode: deterministic

2309 nono the Skirmisher (level 9, 0/51 HPs)
             Began as a Vine Stalker Hunter on Mar 24, 2020.
             Slain by a manticore (17 damage)
             ... on level 7 of the Dungeon.
             The game lasted 00:16:45 (6047 turns).

nono the Skirmisher (Vine Stalker Hunter)           Turns: 6047, Time: 00:16:46

Health: 0/51       AC:  8    Str: 19    XL:     9   Next: 41%
Magic:  0/10       EV:  8    Int: 11    God:
Gold:   313        SH:  0    Dex: 14    Spells: 8/8 levels left

rFire    . . .     SeeInvis .   w - +1 dagger (venom)
rCold    . . .     Gourm    .   (no shield)
rNeg     . . .     Faith    .   i - +0 chain mail
rPois    .         Spirit   +   (no helmet)
rElec    .         Reflect  .   (no cloak)
rCorr    .         Harm     .   (no gloves)
MR       +....                  (no boots)
Stlth    ..........             (no amulet)
HPRegen  0.57/turn              (no ring)
MPRegen  0.12/turn              (no ring)

@: lethally poisoned (0 -> -1), very slightly contaminated, invisible (expiring)
A: fangs 3, regeneration 1, magic shield, antimagic bite, no potion heal 3, rot
immunity
a: no special abilities


You were on level 7 of the Dungeon.
You were not hungry.

You visited 1 branch of the dungeon, and saw 7 of its levels.

You collected 313 gold pieces.

Inventory:

Hand Weapons
 a - a +0 short sword
 e - a +0 whip
 g - a +3 dagger
 w - a +1 dagger of venom (weapon)
 x - a +0 hand axe
 E - a +0 war axe
Missiles
 t - 2 throwing nets
 y - 6 javelins (quivered)
Armour
 b - a +0 leather armour
 d - a +2 ring mail of fire resistance
 i - a +0 chain mail (worn)
Jewellery
 r - an uncursed amulet of magic regeneration {unknown}
Wands
 c - a wand of disintegration (28)
Scrolls
 h - 11 scrolls of identify {unknown}
 k - a scroll of fear {unknown}
 m - a scroll of enchant armour {unknown}
 n - a scroll of amnesia {unknown}
 o - 5 scrolls of remove curse {unknown}
 p - a scroll of fog {unknown}
 u - a scroll of teleportation {unknown}
 z - 4 scrolls of enchant weapon {unknown}
 A - a scroll of blinking {unknown}
 C - a scroll of vulnerability {unknown}
 D - a scroll of immolation {unknown}
Potions
 j - 2 potions of heal wounds {unknown}
 l - 2 potions of might {unknown}
 s - a potion of curing
 v - a potion of degeneration
 B - a potion of haste {unknown}
Comestibles
 f - 8 rations


   Skills:
 + Level 7.8 Fighting
 - Level 0.4 Short Blades
 + Level 5.2(6.2) Axes
 - Level 5.1(6.1) Maces & Flails
 - Level 3.6 Throwing
 + Level 1.7 Armour
 + Level 2.5 Dodging
 - Level 1.2 Stealth


You had 8 spell levels left.
You didn't know any spells.
Your spell library was empty.

Dungeon Overview and Level Annotations

Branches:
Dungeon (7/15)
 Temple: D:4-7

Altars:

Shops:
D:4 %   D:5 *


Innate Abilities, Weirdness & Mutations

You have razor-sharp teeth.
Your natural rate of healing is unusually fast.
When hurt, damage is shared between your health and your magic reserves.
Your bite disrupts and absorbs the magic of your enemies.
Potions cannot restore your health.
You are immune to rotting.


Message History

The centaur hits you but does no damage.
Items here: (( )) ††† You hit the centaur.
You kill the centaur!
You feel sick. The manticore barely misses you.
The manticore claws you but does no damage.
The manticore claws you!
You closely miss the crimson imp. Your bite misses the crimson imp.
The crimson imp hits you but does no damage.
You barely miss the crimson imp.
You feel sick. The crimson imp barely misses you.
The manticore bites you but does no damage.
The manticore claws you but does no damage.
The manticore claws you.
You hit the manticore but do no damage.
The manticore looks even sicker.
You bite the manticore, but do no damage.
The manticore is severely wounded.
You flicker for a moment.
The crimson imp completely misses you. The manticore bites you!!
You die...

+...............................
#...###################.###.#...
#...# #....!!#[$....#.###÷####
#...#### #....?:$....##........#
#......# #.........# #........#
##.....# #.......##.........(.
#.....# #.....# #...........
#.....#### #H5(# #...........
#........# #@# ###.^.......
##........#####(#### #...#...##
#.........##...(...# #...#...##
#......(..##.(...⌠.# .........
#...########..⌠....# .......
#...## ##.'..†⌠...+ ......
#....# #..#.(.(⌠..# ......
#....# #..#.⌠...⌠.# # ......
##...# #..#.......# .# ..#...


You could see a manticore and a crimson imp.

Vanquished Creatures
  A hornet (D:7)
  An ice beast (D:5)
  A phantom (D:6)
  6 ogres
  3 centaurs
  Blork the orc (D:4)
  A big kobold (D:7)
  2 bullfrogs (D:7)
  2 scorpions
  3 howler monkeys
  A bullfrog zombie (D:6)
  2 hounds
  2 jellies (D:7)
  A centaur skeleton (D:4)
  A gnoll shaman (D:5)
  3 orc wizards
  7 worker ants
  9 gnolls
  5 adders
  A shadow imp (D:7)
  3 worms
  4 dart slugs
  3 leopard geckos (D:2)
  17 orcs
  A ball python (D:3)
  3 giant cockroaches
  6 goblins
  5 hobgoblins
  4 jackals
  7 kobolds
  4 quokkas
  7 bats
  A frilled lizard (D:5)
  A leopard gecko skeleton (D:6)
  A quokka zombie (D:7)
  5 rats
125 creatures vanquished.

Vanquished Creatures (others)
  A hungry ghost (D:7)
  A jelly (D:7)
  An adder (D:7)
  2 kobolds (D:7)
5 creatures vanquished.

Grand Total: 130 creatures vanquished

Notes
Turn   | Place    | Note
-------+----------+-------------------------------------------
     0 | D:1      | nono the Vine Stalker Hunter began the quest for the Orb.
     0 | D:1      | Reached XP level 1. HP: 11/11 MP: 2/2
   120 | D:1      | Reached skill level 2 in Fighting
   182 | D:1      | Reached XP level 2. HP: 4/15 MP: 1/3
   754 | D:1      | Reached skill level 1 in Maces & Flails
  1105 | D:2      | Reached XP level 3. HP: 18/19 MP: 4/4
  2136 | D:3      | Reached skill level 3 in Fighting
  2136 | D:3      | Gained mutation: Your natural rate of healing is unusually
                  | fast. [Vine Stalker growth]
  2136 | D:3      | Reached XP level 4. HP: 23/24 MP: 3/5
  2357 | D:3      | Noticed an ogre
  2383 | D:3      | Killed an ogre
  2383 | D:3      | Reached XP level 5. HP: 11/29 MP: 1/6
  2844 | D:4      | Noticed Blork the orc
  2946 | D:4      | Reached skill level 4 in Fighting
  2946 | D:4      | Reached XP level 6. HP: 33/33 MP: 7/7
  3075 | D:4      | Killed Blork the orc
  3207 | D:4      | Reached XP level 7. HP: 20/38 MP: 6/8
  3553 | D:4      | Found Cofaonebb's Food Shoppe.
  3567 | D:4      | Reached skill level 5 in Fighting
  3690 | D:5      | Entered Level 5 of the Dungeon
  3804 | D:5      | Reached skill level 5 in Maces & Flails
  3840 | D:5      | Found Ciq Teov's Assorted Antiques.
  4024 | D:5      | Reached skill level 1 in Axes
  4052 | D:5      | Gained mutation: You have razor-sharp teeth. [Vine Stalker
                  | growth]
  4052 | D:5      | Reached XP level 8. HP: 37/44 MP: 7/9
  4086 | D:5      | Reached skill level 6 in Fighting
  5073 | D:6      | Reached skill level 7 in Fighting
  5433 | D:6      | Reached XP level 9. HP: 25/50 MP: 6/10
  5983 | D:7      | Reached skill level 1 in Armour
  6011 | D:7      | Noticed a hornet
  6012 | D:7      | Noticed a manticore
  6020 | D:7      | Reached skill level 5 in Axes
  6041 | D:7      | Killed a hornet
  6047 | D:7      | Slain by a manticore

Levels and vault maps discovered:
D:1:      dpeg_arrival_arbitrary_b, layout_loops_cross
D:2:      layout_loops_corners, grunt_ministairs_5, minmay_misc_feat_square
D:3:      layout_basic, serial_corexii_hall, corexii_hall_statues_l,
          corexii_hall_statues_t
D:4:      wander_river, layout_loops_corners, serial_shops,
          kennysheep_mini_moat, uniq_blork_the_orc
D:5:      layout_rooms, serial_shops, nicolae_shop_stone, first_ration,
          serial_rivers, chequers_serial_rivers_micro_b,
          chequers_serial_rivers_micro_a, chequers_serial_rivers_large_b,
          chequers_serial_rivers_small_b, chequers_serial_rivers_room_a
D:6:      layout_layer_cave
D:7:      minmay_chambers_of_sevens, layout_basic, temple_statues,
          tgw_kikubaaqudgha

Skill      XL: |  1  2  3  4  5  6  7  8  9 |
---------------+----------------------------+-----
Fighting       | 2 3 4 5 7 |  7.8
Maces & Flails | 1 2 3 4 5 |  5.1
Axes           | 1 4 5 |  5.2
Dodging        | 2 |  2.5
Armour         | 1 |  1.7
Short Blades   | |  0.4
Throwing       | |  3.6
Stealth        | |  1.2

Action                   |  1- 3 |  4- 6 |  7- 9 || total
-------------------------+-------+-------+-------++-------
Melee: Whip              |    21 |       |       ||    21
       Short sword       |     7 |     4 |       ||    11
       Bite              |    32 |    42 |   110 ||   184
       Dagger            |   114 |   114 |   289 ||   517
Throw: Throwing net      |       |     2 |     3 ||     5
       Javelin           |       |     6 |       ||     6
Evoke: Wand              |       |       |     2 ||     2
  Use: Potion            |       |       |     4 ||     4
 Stab: Distracted        |     1 |       |       ||     1
       Invisible         |       |       |     5 ||     5
  Eat: Chunk             |     4 |     3 |     8 ||    15
       Ration            |       |       |     2 ||     2
Armor: Leather armour    |    18 |       |       ||    18
       Chain mail        |    63 |    56 |   127 ||   246
Dodge: Dodged            |    67 |    43 |    95 ||   205

Table legend:
 A = Non-vault XP
 B = Vault XP
 C = Vault XP percentage of total XP
 D = Non-vault monster count
 E = Vault monster count
 F = Vault count percentage of total count
                 A         B        C        D         E       F
            +---------+---------+-------+---------+---------+-------
      Total |    2693 |     606 |  18.4 |     115 |      11 |   8.7
            +---------+---------+-------+---------+---------+-------
        D:1 |      23 |       0 |   0.0 |      13 |       0 |   0.0
        D:2 |      43 |       4 |   8.5 |      19 |       2 |   9.5
        D:3 |     176 |       0 |   0.0 |      18 |       0 |   0.0
        D:4 |     415 |     103 |  19.9 |      18 |       1 |   5.3
        D:5 |     888 |       0 |   0.0 |      25 |       0 |   0.0
        D:6 |     766 |       0 |   0.0 |      12 |       0 |   0.0
        D:7 |     382 |     499 |  56.6 |      10 |       8 |  44.4
            +---------+---------+-------+---------+---------+-------
